 Dungeon Crawl Stone Soup version 0.31.0-1-g2c135a008e (webtiles) character file.

Game seed: 7263726526403823470

8133 qw the Skirmisher (level 11, -5/81 HPs)
             Began as a Djinni Hunter on Jan 23, 2024.
             Was a Priest of Okawaru.
             Slain by a merfolk
             ... wielding a +0 trident
              (20 damage)
             ... on level 9 of the Dungeon.
             The game lasted 00:00:49 (8933 turns).

qw the Skirmisher (Djinni Hunter)                   Turns: 8933, Time: 00:00:49

Health: -5/81      AC: 12    Str: 10    XL:     11   Next: 50%
Gold:   142        EV: 15    Int: 11    God:    Okawaru [***...] SH:  0 Dex: 21

rFire   + + +        y - +2 longbow (drain)
rCold   x . .        (shield currently unavailable)
rNeg    . . .        k - +2 ring mail {Will+}
rPois   inf          i - +2 helmet
rElec   .            c - +0 cloak
rCorr   .            (no gloves)
SInv    .            (boots unavailable)
Will    +++..        q - amulet of faith
Stlth   +            g - ring of willpower
HPRegen 0.33/turn    p - ring of protection from fire
MPRegen 0.00/turn

%: faith, infuse magic (-6 HP)
@: flying
A: sickness immunity, fire resistance 2, cold vulnerability 1, float, innate
caster, HP casting, extra vitality 1
a: Renounce Religion, Heroism


You were on level 9 of the Dungeon.
You worshipped Okawaru.
Okawaru was most pleased with you.
You visited 2 branches of the dungeon, and saw 10 of its levels.

You collected 420 gold pieces.
You spent 278 gold pieces at shops.


Innate Abilities, Weirdness & Mutations

You are immune to sickness and miasma.
You are immune to poison.
Your flesh is very heat resistant. (rF++)
You are vulnerable to cold. (rC-)
You float through the air rather than walking.
You learn spells naturally, not from books.
Your magical power is your life essence.
You have superior vitality. (+4 MHP)


   Skills:
 - Level 8.1 Fighting
 - Level 11.0 Ranged Weapons
 + Level 3.2 Armour
 - Level 8.1 Dodging
 - Level 0.7 Stealth
 - Level 4.0 Invocations


You knew the following spells:

 Your Spells              Type           Power      Damage    Failure   Level
a - Necrotise             Necr           0%         1d4       65%         1
b - Call Imp              Summ           0%         N/A       78%         2
c - Stone Arrow           Conj/Erth      0%         3d7       95%         3
d - Frozen Ramparts       Ice            0%         1d1       95%         3
e - Lee's Rapid Deconstr  Erth           0%         3d4*      100%        5
Your spell library was empty.

Inventory:

Hand Weapons
 y - a +2 longbow of draining (weapon)
Armour
 c - a +0 cloak (worn)
 i - a +2 helmet (worn)
 k - a +2 ring mail of willpower (worn)
 n - a +1 leather armour of cold resistance
 x - +0 acid dragon scales
Jewellery
 a - the ring "Tacvicso" {Ice rCorr MP+9 Int-5 Stlth+}
   (You acquired it on level 4 of the Dungeon)

   [ring of ice]

   Ice:       It enhances your ice magic.
   Int-5:     It affects your intelligence (-5).
   rF-:       It makes you vulnerable to fire.
   rC+:       It protects you from cold.
   MP+9:      It affects your magic capacity (+9).
   rCorr:     It protects you from acid and corrosion.
   Stlth+:    It makes you more stealthy.
 g - a ring of willpower (left hand)
 l - a ring of positive energy
 p - a ring of protection from fire (right hand)
 q - an amulet of faith (around neck)
 t - a ring of protection from fire
 Y - a ring of positive energy
Wands
 f - a wand of light (2)
 h - a wand of polymorph (5)
 u - a wand of roots (5)
 v - a wand of digging (3)
Scrolls
 m - a scroll of silence {unknown}
 s - 4 scrolls of identify
Potions
 d - a potion of might
 j - a potion of haste
 o - 2 potions of curing
 r - a potion of cancellation

Dungeon Overview and Level Annotations

Branches:
Dungeon (9/15)             Temple (1/1) D:7
   Lair: D:8-11         Orc: D:9-12

Altars:
Ashenzari
Cheibriados
Dithmenos
Elyvilon
Fedhas
Hepliaklqana
Makhleb
Nemelex Xobeh
Okawaru
Qazlal
Ru
Trog
Uskayaw
Wu Jian
Xom
Yredelemnul
Zin
The Shining One

Shops:
D:6 *   D:8 !

Annotations:
D:7 5 runed translucent doors


Message History

You feel much better. The merfolk closely misses you.
You rip the net and break free!
The merfolk hits you from afar with a +0 trident!
Enter note:
Enter note:
8925 ||| RETREEEEATING.
The merfolk hits you from afar with a +0 trident!!
Things that are here:
a +0 club; a gnoll corpse
Enter note:
Enter note:
8926 ||| RETREEEEATING.
The merfolk attacks as it pursues you! The merfolk barely misses you.
You shoot an arrow. The arrow closely misses the merfolk.
The merfolk hits you but does no damage.
You shoot an arrow. The arrow closely misses the merfolk.
The centaur unwields a +3 heavy war axe.
The centaur wields a +0 orcbow.
The centaur shoots an arrow.
The arrow closely misses you. The merfolk barely misses you.
The merfolk misses you.
The centaur shoots an arrow.
The arrow misses you.
You shoot an arrow. The arrow hits the merfolk.
The merfolk is moderately wounded.
The centaur shoots an arrow.
The arrow closely misses you. The merfolk misses you.
You shoot an arrow. The arrow barely misses the merfolk.
The arrow completely misses the gnoll.
The centaur shoots an arrow.
The arrow hits you.
The centaur shoots an arrow.
The arrow misses you. The merfolk barely misses you.
Enter note:
Enter note:
8931 ||| RETREEEEATING.
Enter note:
Enter note:
8932 ||| RETREEEEATING.
The centaur shoots an arrow.
The arrow hits you but does no damage.
You shoot an arrow. The arrow hits the merfolk!
You drain the merfolk.
The merfolk is heavily wounded.
The merfolk hits you from afar with a +0 trident!!
You die...

#.# #.....[...# #....... #.#
#.........# #..<....
#####.######.........# #.......
.....................# #.......
#####.######.###..##.#####.......
#.# #.####.cg....[..###### #.#
#.##...mg.g%...).# #.#
#.##.~~###)###~).# #.# #.##.@##
gg.###~.# #####.######.##~##
...g..##~)# .............#~~#
##...####~~.. ......######..~~#
..... #~~### ......# #.#~~#
#...## #~~# ......# #.#~~# .....
#~~# ......# #.#~~# #~~#
......######.#~~# #~~#
.............#~~# #~~#


You could see a merfolk (drained), a gnoll sergeant, a centaur and a gnoll.

Vanquished Creatures
  A two-headed ogre (D:7)
  Jeremiah (D:7)
  A troll (D:9)
  A hornet (D:9)
  A shadow (D:9)
  2 wyverns (D:7)
  2 wraiths
  4 humans (D:6)
  12 yaks (D:8)
  2 vampire mosquitoes (D:7)
  3 steam dragons
  Menkaure (D:7)
  2 water moccasins
  2 acid dragons
  An ice beast (D:6)
  A sky beast (D:7)
  2 orc warriors
  2 black bears
  An ogre (D:7)
  2 centaurs (D:9)
  2 kobold brigands (D:9)
  2 gnoll sergeants
  A bullfrog (D:9)
  A scorpion (D:4)
  6 wights
  5 killer bees
  3 howler monkeys (D:8)
  A jelly (D:7)
  A gnoll bouda (D:5)
  3 bombardier beetles
  3 hounds
  3 orc priests
  A sleepcap (D:5)
  Terence (D:3)
  2 iguanas
  7 orc wizards
  18 gnolls
  8 adders
  3 shadow imps
  2 white imps
  A ribbon worm (D:2)
  A dart slug (D:2)
  21 orcs
  3 bats
  4 endoplasms
  3 giant cockroaches
  4 goblins
  2 hobgoblins (D:1)
  2 quokkas
  9 ball pythons
  2 frilled lizards (D:3)
  9 kobolds
  4 rats
182 creatures vanquished.

Vanquished Creatures (others)
  A gnoll (D:9)
1 creature vanquished.

Grand Total: 183 creatures vanquished

Notes
Turn   | Place    | Note
-------+----------+-------------------------------------------
     0 | D:1      | qw the Djinni Hunter began the quest for the Orb.
     0 | D:1      | Reached XP level 1. HP: 18/18 MP: 0/0
     0 | D:1      | 0 ||| qw: Version: 0.3-a-136-gdd3b4e8
     0 | D:1      | 0 ||| qw: Game counter: 1000
     0 | D:1      | 0 ||| qw: Melee chars always use a shield: true
     0 | D:1      | 0 ||| qw: God list: Okawaru
     0 | D:1      | 0 ||| qw: Allow faded altars: false
     0 | D:1      | 0 ||| qw: Do Orc after clearing Dungeon:15 true
     0 | D:1      | 0 ||| qw: Do second Lair branch before Depths: true
     0 | D:1      | 0 ||| qw: Lair rune preference: random
     0 | D:1      | 0 ||| qw: Goals: Normal
     0 | D:1      | 0 ||| PLANNING D:1-11
   556 | D:1      | Reached XP level 2. HP: 23/23 MP: 0/0
   831 | D:1      | 831 ||| UPGRADING to ring of willpower.
   832 | D:1      | 832 ||| READING scroll labelled WEABATZACY.
   832 | D:1      | 832 ||| IDENTIFYING inky potion
   833 | D:1      | 833 ||| READING scroll labelled ZEOJEAPP WATYA.
   834 | D:1      | 834 ||| DROPPING scroll of butterflies.
   835 | D:1      | 835 ||| DROPPING potion of invisibility.
  1080 | D:2      | Identified the +4 orcbow of the Five Seers {freeze, rCorr
                  | Int-3 Dex+2}
  1082 | D:2      | 1082 ||| SWAPPING to +4 orcbow of the Five Seers {freeze,
                  | rCorr Int-3 Dex+2}.
  1083 | D:2      | 1083 ||| DROPPING +0 shortbow.
  1103 | D:2      | Found a faded altar of an unknown god.
  1214 | D:2      | Reached skill level 4 in Ranged Weapons
  1214 | D:2      | Reached XP level 3. HP: 28/28 MP: 0/0
  1214 | D:2      | Learned a level 1 spell: Necrotise
  1491 | D:2      | 1491 ||| UPGRADING to ring of positive energy.
  1492 | D:2      | 1492 ||| READING scroll labelled JONNAYPYWK.
  1493 | D:2      | 1493 ||| READING scroll labelled DEHIDOECEU.
  1610 | D:3      | Found a stormy altar of Qazlal.
  1695 | D:3      | Reached skill level 3 in Dodging
  1696 | D:3      | Reached XP level 4. HP: 31/33 MP: 0/0
  1712 | D:3      | Noticed Terence
  1713 | D:3      | Killed Terence
  1716 | D:3      | Reached skill level 3 in Fighting
  1820 | D:3      | Reached XP level 5. HP: 40/40 MP: 0/0
  1820 | D:3      | Learned a level 2 spell: Call Imp
  2136 | D:3      | 2136 ||| UPGRADING to +0 ring mail.
  2146 | D:3      | 2146 ||| DROPPING +0 leather armour.
  2147 | D:3      | 2147 ||| UPGRADING to +2 ring mail of willpower.
  2157 | D:3      | 2157 ||| DROPPING +0 ring mail.
  2158 | D:3      | 2158 ||| READING scroll labelled WUDOZXIKHA.
  2159 | D:3      | 2159 ||| READING scroll labelled WUISAALL RIWOMO.
  2160 | D:3      | 2160 ||| DRINKING 2 ruby potions.
  2449 | D:4      | Reached skill level 1 in Armour
  2925 | D:4      | 2925 ||| UPGRADING to +0 helmet.
  2930 | D:4      | 2930 ||| UPGRADING to ring of protection from fire.
  2932 | D:4      | 2932 ||| READING 4 scrolls of identify.
  2932 | D:4      | 2932 ||| IDENTIFYING dark potion
  2933 | D:4      | 2933 ||| READING 3 scrolls of identify.
  2933 | D:4      | 2933 ||| IDENTIFYING bubbling yellow potion
  2934 | D:4      | 2934 ||| READING 2 scrolls of identify.
  2934 | D:4      | 2934 ||| IDENTIFYING white potion
  2935 | D:4      | 2935 ||| READING scroll of identify.
  2935 | D:4      | 2935 ||| IDENTIFYING 2 murky pink potions
  2936 | D:4      | 2936 ||| READING scroll labelled SIYNLI HISUONKE.
  2937 | D:4      | 2937 ||| READING scroll labelled ISIUVAS UDD.
  3008 | D:4      | 3008 ||| READING scroll labelled DIOWUG ENEPHO.
  3008 | D:4      | 3008 ||| ENCHANTING +0 helmet.
  3009 | D:4      | 3009 ||| READING scroll labelled JYFIANE BICVI.
  3009 | D:4      | Identified a scroll of acquirement
  3009 | D:4      | 3009 ||| ACQUIRING ring "Tacvicso" {Ice rCorr MP+9 Int-5
                  | Stlth+}
  3009 | D:4      | Acquired the ring "Tacvicso" {Ice rCorr MP+9 Int-5 Stlth+}
  3011 | D:4      | 3011 ||| DROPPING potion of berserk rage.
  3048 | D:5      | Entered Level 5 of the Dungeon
  3052 | D:5      | Reached XP level 6. HP: 46/46 MP: 0/0
  3052 | D:5      | 3052 ||| STAIRDANCE
  3065 | D:5      | Reached skill level 5 in Ranged Weapons
  3322 | D:5      | Reached XP level 7. HP: 52/52 MP: 0/0
  3322 | D:5      | Learned a level 3 spell: Stone Arrow
  3803 | D:5      | Found a glowing silver altar of Zin.
  3956 | D:5      | Found a snail-covered altar of Cheibriados.
  4178 | D:5      | 4178 ||| READING scroll labelled BUINI HEPSEMA.
  4230 | D:6      | Reached skill level 6 in Ranged Weapons
  4304 | D:6      | 4304 ||| FLEEEEING.
  4306 | D:6      | 4306 ||| FLEEEEING.
  4307 | D:6      | 4307 ||| FLEEEEING.
  4308 | D:6      | 4308 ||| FLEEEEING.
  4309 | D:6      | 4309 ||| FLEEEEING.
  4310 | D:6      | 4310 ||| FLEEEEING.
  4311 | D:6      | 4311 ||| FLEEEEING.
  4312 | D:6      | 4312 ||| FLEEEEING.
  4313 | D:6      | 4313 ||| FLEEEEING.
  4314 | D:6      | 4314 ||| FLEEEEING.
  4315 | D:6      | 4315 ||| FLEEEEING.
  4316 | D:6      | 4316 ||| FLEEEEING.
  4377 | D:6      | Reached XP level 8. HP: 58/58 MP: 0/0
  4383 | D:6      | Noticed a human
  4385 | D:6      | Noticed a human
  4386 | D:6      | 4386 ||| RETREEEEATING.
  4387 | D:6      | 4387 ||| RETREEEEATING.
  4388 | D:6      | 4388 ||| RETREEEEATING.
  4389 | D:6      | 4389 ||| RETREEEEATING.
  4390 | D:6      | 4390 ||| ZAPPING wand of light (13) at -3,-4 (human;
                  | floor).
  4393 | D:6      | 4393 ||| RETREEEEATING.
  4395 | D:6      | 4395 ||| ZAPPING wand of light (12) at 1,-3 (human; floor).
  4397 | D:6      | 4397 ||| RETREEEEATING.
  4401 | D:6      | Killed a human
  4402 | D:6      | 4402 ||| ZAPPING wand of light (11) at 3,-2 (human; floor).
  4405 | D:6      | Noticed a human
  4407 | D:6      | Killed a human
  4408 | D:6      | Reached skill level 7 in Ranged Weapons
  4410 | D:6      | Killed a human
  4415 | D:6      | Noticed a human
  4424 | D:6      | Killed a human
  4537 | D:6      | 4537 ||| READING scroll of enchant armour.
  4537 | D:6      | 4537 ||| ENCHANTING +1 helmet.
  4599 | D:6      | Found Bofid's Assorted Antiques.
  4606 | D:6      | 4606 ||| BUYING blackened blue amulet (100 gold).
  4606 | D:6      | Bought a blackened blue amulet for 100 gold pieces
  4606 | D:6      | 4606 ||| BUYING metallic red potion (18 gold).
  4606 | D:6      | Bought a metallic red potion for 18 gold pieces
  4606 | D:6      | 4606 ||| BUYING scroll of identify (40 gold).
  4606 | D:6      | Bought a scroll of identify for 40 gold pieces
  4879 | D:6      | 4879 ||| UPGRADING to +0 cloak.
  4884 | D:6      | 4884 ||| DROPPING amulet of magic regeneration.
  4885 | D:6      | 4885 ||| READING 5 scrolls of identify.
  4885 | D:6      | 4885 ||| IDENTIFYING metallic red potion
  4886 | D:6      | 4886 ||| DROPPING potion of degeneration.
  4920 | D:7      | Found a staircase to the Ecumenical Temple.
  4921 | D:7      | 4921 ||| PLANNING TEMPLE
  4921 | D:7      | 4921 ||| FLEEEEING.
  4922 | D:7      | 4922 ||| FLEEEEING.
  4925 | D:7      | Reached XP level 9. HP: 65/65 MP: 0/0
  4925 | D:7      | Learned a level 3 spell: Frozen Ramparts
  4959 | D:7      | Reached skill level 8 in Ranged Weapons
  4975 | Temple   | Entered the Ecumenical Temple
  4976 | Temple   | 4976 ||| PLANNING D:1-11
  4995 | D:7      | Noticed a two-headed ogre
  5002 | D:7      | Killed a two-headed ogre
  5003 | D:7      | 5003 ||| FLEEEEING.
  5004 | D:7      | 5004 ||| FLEEEEING.
  5005 | D:7      | 5005 ||| FLEEEEING.
  5006 | D:7      | 5006 ||| FLEEEEING.
  5007 | D:7      | 5007 ||| FLEEEEING.
  5008 | D:7      | 5008 ||| FLEEEEING.
  5009 | D:7      | 5009 ||| FLEEEEING.
  5012 | D:7      | 5012 ||| STAIRDANCE
  5064 | D:6      | 5064 ||| UPGRADING to amulet of faith.
  5268 | D:7      | Noticed Menkaure
  5269 | D:7      | 5269 ||| FLEEEEING.
  5270 | D:7      | 5270 ||| FLEEEEING.
  5272 | D:7      | 5272 ||| FLEEEEING.
  5274 | D:7      | 5274 ||| FLEEEEING.
  5280 | D:7      | Killed Menkaure
  5382 | D:7      | Found an ornate altar of the Wu Jian Council.
  5405 | D:7      | Found a runed translucent door.
  5406 | D:7      | Found a runed translucent gate.
  5406 | D:7      | Found a runed translucent gate.
  5425 | D:7      | Reached skill level 6 in Dodging
  5473 | D:7      | Noticed Jeremiah
  5475 | D:7      | 5475 ||| ZAPPING wand of light (10) at -5,-2 (Jeremiah;
                  | floor).
  5476 | D:7      | 5476 ||| ZAPPING wand of light (9) at -5,-2 (Jeremiah;
                  | floor).
  5477 | D:7      | 5477 ||| ZAPPING wand of light (8) at -5,-2 (Jeremiah;
                  | floor).
  5479 | D:7      | 5479 ||| ZAPPING wand of light (7) at -5,-2 (Jeremiah;
                  | floor).
  5480 | D:7      | 5480 ||| ZAPPING wand of light (6) at -5,-2 (Jeremiah;
                  | floor).
  5481 | D:7      | 5481 ||| ZAPPING wand of light (5) at -5,-2 (Jeremiah;
                  | floor).
  5482 | D:7      | 5482 ||| ZAPPING wand of light (4) at -5,-2 (Jeremiah;
                  | floor).
  5483 | D:7      | 5483 ||| ZAPPING wand of light (3) at -5,-2 (Jeremiah;
                  | floor).
  5483 | D:7      | Killed Jeremiah
  5484 | D:7      | Reached XP level 10. HP: 66/75 MP: 0/0
  5532 | D:7      | 5532 ||| RETREEEEATING.
  5534 | D:7      | 5534 ||| RETREEEEATING.
  5535 | D:7      | 5535 ||| RETREEEEATING.
  5536 | D:7      | 5536 ||| RETREEEEATING.
  5537 | D:7      | 5537 ||| RETREEEEATING.
  5538 | D:7      | 5538 ||| RETREEEEATING.
  5539 | D:7      | 5539 ||| RETREEEEATING.
  5540 | D:7      | 5540 ||| RETREEEEATING.
  5540 | D:7      | HP: 13/75 [wyvern (10)]
  5541 | D:7      | 5541 ||| READING 2 scrolls of teleportation.
  5542 | D:7      | 5542 ||| DRINKING 3 potions of heal wounds.
  5543 | D:7      | 5543 ||| RETREEEEATING.
  5543 | D:7      | Found a runed translucent gate.
  5707 | D:7      | Found a runed translucent door.
  5716 | D:7      | Found the +9 staff of Olgreb {rPois∞}
  5924 | D:7      | Identified the serpent talisman of the Learner {rC+ Will+
                  | Str-5 SInv}
  5952 | D:7      | 5952 ||| RETREEEEATING.
  5953 | D:7      | 5953 ||| RETREEEEATING.
  5959 | D:7      | Reached skill level 9 in Ranged Weapons
  6091 | D:7      | Reached skill level 3 in Armour
  6847 | D:7      | 6847 ||| READING 5 scrolls of identify.
  6847 | D:7      | 6847 ||| IDENTIFYING orange potion
  6848 | D:7      | 6848 ||| READING 4 scrolls of identify.
  6848 | D:7      | 6848 ||| IDENTIFYING scroll labelled HEAGESHENAA
  6849 | D:7      | 6849 ||| DROPPING potion of lignification.
  6850 | D:7      | 6850 ||| DROPPING scroll of amnesia.
  7089 | D:8      | 7089 ||| RETREEEEATING.
  7091 | D:8      | 7091 ||| RETREEEEATING.
  7102 | D:8      | Reached skill level 10 in Ranged Weapons
  7136 | D:8      | 7136 ||| FLEEEEING.
  7137 | D:8      | 7137 ||| FLEEEEING.
  7140 | D:8      | 7140 ||| FLEEEEING.
  7141 | D:8      | 7141 ||| FLEEEEING.
  7142 | D:8      | 7142 ||| FLEEEEING.
  7143 | D:8      | 7143 ||| STAIRDANCE
  7309 | D:8      | Found an iron altar of Okawaru.
  7310 | D:8      | 7310 ||| PLANNING OKAWARU WORSHIP
  7314 | D:8      | Became a worshipper of Warmaster Okawaru
  7315 | D:8      | 7315 ||| PLANNING D:1-11
  7318 | D:8      | Found a white marble altar of Elyvilon.
  7384 | D:8      | Found Mesunli's Distillery.
  7390 | D:8      | 7390 ||| BUYING potion of cancellation (120 gold).
  7390 | D:8      | Bought a potion of cancellation for 120 gold pieces
  7390 | D:8      | 7390 ||| SHOPLISTING potion of curing (45 gold, have 9).
  7390 | D:8      | 7390 ||| SHOPLISTING potion of haste (150 gold, have 9).
  7390 | D:8      | 7390 ||| SHOPLISTING potion of heal wounds (75 gold, have
                  | 9).
  7390 | D:8      | 7390 ||| SHOPLISTING potion of resistance (150 gold, have
                  | 9).
  7418 | D:8      | 7418 ||| RETREEEEATING.
  7419 | D:8      | 7419 ||| RETREEEEATING.
  7420 | D:8      | 7420 ||| RETREEEEATING.
  7423 | D:8      | 7423 ||| RETREEEEATING.
  7424 | D:8      | 7424 ||| RETREEEEATING.
  7425 | D:8      | 7425 ||| RETREEEEATING.
  7426 | D:8      | 7426 ||| RETREEEEATING.
  7428 | D:8      | 7428 ||| RETREEEEATING.
  7430 | D:8      | 7430 ||| DRINKING 2 potions of haste.
  7450 | D:8      | Reached * piety under Okawaru
  7451 | D:8      | Reached XP level 11. HP: 33/81 MP: 0/0
  7451 | D:8      | Learned a level 5 spell: Lee's Rapid Deconstruction
  7451 | D:8      | HP: 9/81 [yak (13)]
  7452 | D:8      | 7452 ||| READING scroll of teleportation.
  7453 | D:8      | 7453 ||| DRINKING 2 potions of heal wounds.
  7522 | D:8      | Reached skill level 1 in Invocations
  8194 | D:8      | 8194 ||| DROPPING ring of fire.
  8234 | D:9      | 8234 ||| STAIRDANCE
  8286 | D:9      | Reached skill level 3 in Invocations
  8502 | D:9      | Reached ** piety under Okawaru
  8578 | D:9      | 8578 ||| FLEEEEING.
  8686 | D:9      | 8686 ||| READING scroll of acquirement.
  8686 | D:9      | 8686 ||| ACQUIRING +0 longbow of draining
  8686 | D:9      | Acquired a +0 longbow of draining
  8688 | D:9      | 8688 ||| SWAPPING to +0 longbow of draining.
  8689 | D:9      | 8689 ||| DROPPING +4 orcbow of the Five Seers {freeze,
                  | rCorr Int-3 Dex+2}.
  8690 | D:9      | 8690 ||| READING 2 scrolls of enchant weapon.
  8690 | D:9      | 8690 ||| ENCHANTING +0 longbow of draining.
  8691 | D:9      | 8691 ||| READING scroll of enchant weapon.
  8691 | D:9      | 8691 ||| ENCHANTING +1 longbow of draining.
  8864 | D:9      | Reached *** piety under Okawaru
  8911 | D:9      | Reached skill level 11 in Ranged Weapons
  8916 | D:9      | 8916 ||| RETREEEEATING.
  8922 | D:9      | HP: 17/81 [merfolk/+0 trident (7)]
  8923 | D:9      | 8923 ||| DRINKING potion of heal wounds.
  8925 | D:9      | 8925 ||| RETREEEEATING.
  8926 | D:9      | 8926 ||| RETREEEEATING.
  8930 | D:9      | HP: 14/81 [centaur/arrow (6)]
  8931 | D:9      | 8931 ||| RETREEEEATING.
  8932 | D:9      | 8932 ||| RETREEEEATING.
  8933 | D:9      | Slain by a merfolk

Levels and vault maps discovered:
D:1:      lemuel_arrival_river_ford, layout_basic, minmay_large_rounded_square
D:2:      layout_loops_ring, shapermc_ecumenical_altar_pompeii
D:3:      layout_loops_ring, lemuel_doored_altar, minmay_misc_feat_roman,
          uniq_terence
D:4:      layout_loops_corners
D:5:      layout_layer_cave, kennysheep_mini, mainiacjoe_overflow_24_doors
D:6:      layout_rooms, serial_shops, shop, minmay_ruffians
D:7:      layout_layer_cave, nicolae_wu_jian_wuxing_cycle,
          minmay_temple_entry_drinking_statues,
          minmay_guarded_unrand_staff_of_olgreb, uniq_jeremiah, uniq_menkaure
D:8:      layout_basic, minitemple, serial_shops, nicolae_shop_stone
D:9:      layout_small_grid, lemuel_coloured_pillars_altar, roadster_trireme
Temple:   bh_familiar_temple

Skill      XL: |  1  2  3  4  5  6  7  8  9 10 11 |
---------------+----------------------------------+-----
Ranged Weapons | 4 5 6 7 8 10 11 | 11.0
Dodging        | 3 4 6 7 8 |  8.1
Fighting       | 3 4 5 7 8 |  8.1
Armour         | 1 2 3 |  3.2
Invocations    | 4 |  4.0
Stealth        | |  0.7

Action                     |  1- 3 |  4- 6 |  7- 9 | 10-12 || total
---------------------------+-------+-------+-------+-------++-------
   Fire: Shortbow          |    33 |       |       |       ||    33
         Orcbow            |    17 |    72 |   137 |   222 ||   448
         Longbow           |       |       |       |    53 ||    53
  Evoke: Wand              |       |       |    11 |       ||    11
    Use: Scroll            |     4 |    10 |     3 |     7 ||    24
         Potion            |       |     1 |       |     4 ||     5
 Armour: Leather armour    |     3 |       |       |       ||     3
         Ring mail         |       |    17 |    51 |   191 ||   259
  Dodge: Dodged            |     6 |    13 |    29 |   211 ||   259

Table legend:
 A = Non-vault XP
 B = Vault XP
 C = Vault XP percentage of total XP
 D = Non-vault monster count
 E = Vault monster count
 F = Vault count percentage of total count
                 A         B        C        D         E       F
            +---------+---------+-------+---------+---------+-------
      Total |   10049 |    1570 |  13.5 |     169 |      13 |   7.1
            +---------+---------+-------+---------+---------+-------
        D:1 |      21 |       0 |   0.0 |      13 |       0 |   0.0
        D:2 |      15 |       0 |   0.0 |       6 |       0 |   0.0
        D:3 |      88 |      36 |  29.0 |      19 |       1 |   5.0
        D:4 |     119 |       0 |   0.0 |       9 |       0 |   0.0
        D:5 |     380 |       0 |   0.0 |      19 |       0 |   0.0
        D:6 |     568 |     731 |  56.3 |      22 |       4 |  15.4
        D:7 |    2539 |     539 |  17.5 |      28 |       2 |   6.7
        D:8 |    4071 |       0 |   0.0 |      30 |       0 |   0.0
        D:9 |    2248 |     264 |  10.5 |      23 |       6 |  20.7
            +---------+---------+-------+---------+---------+-------
